cohdb
Replays
Latest Replays
All Replays
Popular Replays
Top Player Replays
Match Explorer
How It Works
Community
CoH3 Stats
Reddit
Sign in to upload your games and track your stats! →
Sign in with Steam
Match 43594661
Unlisted
Match 43594661
Overview
Messages
Build Orders
End
Pioneer Squad
Construct Infanterie Kompanie
Pioneer Squad
MG 42 Machine Gun Team
Selects Terror Battlegroup
Selects Machine Gun Camouflage
Grenadier Squad
MG 42 Machine Gun Team
Construct Luftwaffe Kompanie
Jäger Squad
221 Scout Car
Luftwaffe Officer Quarters
Flak 30 Anti-aircraft Gun Team
Medical Bunker
Jäger Squad
Construct Panzer Kompanie
Jopjahh
ChiefRedSkins
0
0
Comments
sign in to comment!
No comments posted yet!